 Dungeon Crawl Stone Soup version 0.28.0-43-g3370ac3207 (webtiles) character file.

Game seed: 18075115961869497396

685 funkygono the Firebug (level 7, 0/37 HPs)
             Began as a Gargoyle Fire Elementalist on Mar 4, 2022.
             Slain by Dowan
             ... wielding a +0 dagger
              (4 damage)
             ... on level 4 of the Dungeon.
             The game lasted 00:06:36 (4461 turns).

funkygono the Firebug (Gargoyle Fire Elementalist)  Turns: 4461, Time: 00:06:36

Health: 0/37       AC:  7    Str: 11    XL:     7   Next: 62%
Magic:  6/13       EV: 12    Int: 18    God:
Gold:   210        SH:  0    Dex: 10    Spells: 5/15 levels left

rFire   . . .      SeeInvis .   p - +0 whip
rCold   . . .      Faith    .   (no shield)
rNeg    + . .      Spirit   .   a - +0 robe
rPois   ∞          Reflect  .   q - +0 helmet
rElec   +          Harm     .   (no cloak)
rCorr   .          Rampage  .   (no gloves)
Will    .....                   (no boots)
Stlth   ++........              (no amulet)
HPRegen 0.12/turn               (no ring)
MPRegen 0.13/turn               (no ring)

@: no status effects
A: sickness immunity, AC +4, negative energy resistance 1, electricity
resistance, torment resistance 1, petrification resistance
a: no special abilities


You were on level 4 of the Dungeon.
You visited 1 branch of the dungeon, and saw 6 of its levels.

You collected 210 gold pieces.

Inventory:

Hand Weapons
 h - a +0 club
 p - a +0 whip (weapon)
Missiles
 l - 91 stones
Armour
 a - a +0 robe (worn)
 g - a +0 kite shield
 o - a +0 leather armour
 q - a +0 helmet (worn)
Magical Staves
 m - a staff of air
Jewellery
 b - a +6 ring of strength
Scrolls
 c - a scroll of teleportation
 f - a scroll of amnesia {unknown}
Potions
 d - a potion of resistance
 e - a potion of attraction {unknown}
 i - 2 potions of ambrosia {unknown}
 j - a potion of brilliance {unknown}
 k - a potion of might {unknown}


   Skills:
 + Level 0.6 Fighting
 + Level 0.4 Maces & Flails
 + Level 2.1 Dodging
 - Level 2.1 Stealth
 * Level 4.6 Spellcasting
 * Level 4.3 Conjurations
 * Level 5.6 Fire Magic


You had 5 spell levels left.
You knew the following spells:

 Your Spells              Type           Power      Damage    Failure   Level
a - Foxfire               Conj/Fire      88%        2x1d8     1%          1
b - Scorch                Fire           48%        2d7       1%          2
c - Conjure Flame         Conj/Fire      22%        6-21      5%          3
d - Flame Wave            Conj/Fire      22%        2d7       19%         4

Your spell library contained the following spells:

 Spells                   Type           Power      Damage    Failure   Level
 Magic Dart               Conj           76%        1d6       2%          1
 Searing Ray              Conj           38%        2d5       3%          2
 Static Discharge         Conj/Air       12%        N/A       9%          2
 Inner Flame              Hex/Fire       14%        N/A       13%         3
 Dazzling Flash           Conj/Hex       24%        N/A       17%         3
 Sticky Flame             Conj/Fire      22%        2d4       19%         4
 Fulminant Prism          Conj/Hex       6%         3d7       50%         4
 Iskenderun's Mystic Bla  Conj/Tloc      12%        2d5       50%         4
 Dispel Undead            Necr           4%         3d7       80%         4
 Starburst                Conj/Fire      11%        6d5       95%         6


Dungeon Overview and Level Annotations

Branches:
Dungeon (6/15)
 Temple: D:4-7

Altars:

Shops:
D:5 ?

Annotations:
D:4 Dowan, Duvessa


Innate Abilities, Weirdness & Mutations

You are immune to sickness and miasma.
Your stone body is resilient. (AC +4)
You are immune to poison.
You resist negative energy. (rN+)
You are resistant to electric shocks. (rElec)
You are resistant to unholy torment.
You are immune to petrification.


Message History

You see here a +0 whip.
There is a stone staircase leading up here.
You climb upwards.
Dowan hits you but does no damage.
Duvessa shouts!
There is a stone staircase leading down here.
Casting: Scorch (safe; 1% risk of failure)
Confirm with . or Enter, or press ? or * to list all spells.
You conjure some foxfire!
Duvessa hits you with a +0 rapier. Dowan hits you with a +0 dagger.
Casting: Foxfire (safe; 1% risk of failure)
Confirm with . or Enter, or press ? or * to list all spells.
Flames lash Duvessa.
Duvessa is moderately wounded.
Duvessa's fire resistance burns away.
The foxfire hits Duvessa.
Duvessa is burned terribly!
Duvessa is heavily wounded.
The foxfire hits Duvessa.
Duvessa is heavily wounded.
Duvessa hits you with a +0 rapier. Dowan barely misses you.
Casting: Scorch (safe; 1% risk of failure)
Confirm with . or Enter, or press ? or * to list all spells.
You conjure some foxfire!
Duvessa hits you with a +0 rapier! Dowan barely misses you.
Casting: Foxfire (safe; 1% risk of failure)
Confirm with . or Enter, or press ? or * to list all spells.
Flames lash Dowan.
Dowan is lightly wounded.
Dowan's fire resistance burns away.
The foxfire hits Dowan!
Dowan is burned terribly!
Dowan is heavily wounded.
The foxfire hits Duvessa but does no damage.
Duvessa is heavily wounded.
Dowan hits you with a +0 dagger. Duvessa hits you with a +0 rapier.
An endoplasm comes into view.
Casting: Scorch (safe; 1% risk of failure)
Confirm with . or Enter, or press ? or * to list all spells.
You conjure some foxfire!
Duvessa hits you with a +0 rapier!
* * * LOW HITPOINT WARNING * * *
Dowan hits you with a +0 dagger.
You die...

######### .
#.......# #####
#. #.......#
..... ..
#.......#....##
#.
#.......#......
#. #.....v.e..#
. #.....v@.# .
≈......e.#
≈#######.# .J
##. ## ##
.#######.
......).)


You could see Duvessa (combustible), Dowan (combustible, ally target) and an
endoplasm.

Vanquished Creatures
  A water moccasin (D:5)
  An ice beast (D:5)
  2 necrophages
  A hound (D:5)
  2 orc priests
  An orc wizard (D:5)
  3 gnolls (D:3)
  9 adders
  5 dart slugs
  9 orcs
  6 ball pythons
  5 bats
  7 endoplasms
  2 giant cockroaches
  5 goblins
  6 hobgoblins
  4 jackals (D:1)
  8 quokkas
  3 frilled lizards (D:2)
  4 kobolds
  2 rats
86 creatures vanquished.

Vanquished Creatures (collateral kills)
  3 foxfires (D:5)
3 creatures vanquished.

Vanquished Creatures (others)
  274 foxfires
  12 plants (D:5)
286 creatures vanquished.

Grand Total: 375 creatures vanquished

Notes
Turn   | Place    | Note
-------+----------+-------------------------------------------
     0 | D:1      | funkygono the Gargoyle Fire Elementalist began the quest
                  | for the Orb.
     0 | D:1      | Reached XP level 1. HP: 10/10 MP: 3/3
   281 | D:1      | Reached XP level 2. HP: 15/15 MP: 0/5
   453 | D:1      | Learned a level 2 spell: Scorch
   610 | D:1      | Found a faded altar of an unknown god.
   615 | D:1      | Reached XP level 3. HP: 20/20 MP: 4/6
   619 | D:1      | Learned a level 3 spell: Conjure Flame
  1586 | D:2      | Reached XP level 4. HP: 24/24 MP: 3/7
  2816 | D:3      | Reached skill level 4 in Fire Magic
  3030 | D:3      | Reached XP level 5. HP: 28/28 MP: 0/9
  3225 | D:3      | Learned a level 4 spell: Flame Wave
  3496 | D:4      | Noticed a necrophage
  3505 | D:4      | Killed a necrophage
  3506 | D:4      | Reached XP level 6. HP: 32/33 MP: 0/11
  3735 | D:4      | Identified the +4 halberd "Kowaybemm" {venom, *Slow rElec
                  | Will+}
  3848 | D:4      | You fall into a shaft and drop 2 floors!
  3852 | D:5      | Entered Level 5 of the Dungeon
  3899 | D:5      | Noticed a water moccasin
  3906 | D:5      | Killed a water moccasin
  3907 | D:5      | Reached skill level 5 in Fire Magic
  4025 | D:5      | Reached XP level 7. HP: 37/37 MP: 5/13
  4383 | D:5      | Found Fodathra's Magic Scroll Shoppe.
  4456 | D:4      | Noticed Duvessa
  4456 | D:4      | Noticed Dowan
  4461 | D:4      | Slain by Dowan

Illustrated notes

Levels and vault maps discovered:
D:1:      dpeg_arrival_tiny_i, layout_loops_ring, basic_ecumenical_altar,
          hex_tiny
D:2:      layout_basic
D:3:      layout_basic
D:4:      layout_rooms, kennysheep_slug_shrine, minmay_temple_entry_grid,
          uniq_duvessa
D:5:      layout_basic, serial_shops, kennysheep_little_box, chequers_big_river,
          minivault_11, minmay_ruined_shrine
D:6:      layout_loops_ring, minmay_bent

Skill      XL: |  1  2  3  4  5  6  7 |
---------------+----------------------+-----
Conjurations   | 2 3 4 |  4.3
Fire Magic     | 4 5 |  5.6
Spellcasting   | 3 4 |  4.6
Dodging        | 2 |  2.1
Fighting       | |  0.6
Maces & Flails | |  0.4
Stealth        | |  2.1

Action                   |  1- 3 |  4- 6 |  7- 9 || total
-------------------------+-------+-------+-------++-------
Melee: Club              |     1 |     7 |       ||     8
       Whip              |       |     3 |       ||     3
 Cast: Foxfire           |    57 |    87 |    17 ||   161
       Scorch            |     2 |    10 |     7 ||    19
       Conjure Flame     |       |     1 |       ||     1
  Use: Scroll            |       |     5 |       ||     5
Armor: Robe              |     6 |     9 |     2 ||    17
Dodge: Dodged            |    16 |    15 |     3 ||    34
